 Dungeon Crawl Stone Soup version 0.19-a0-503-g45a6586 (webtiles) character file.

242 Ijustatesigmund the Cutter (level 6, -4/35 HPs)
             Began as a Kobold Assassin on June 5, 2016.
             Was a Believer of Trog.
             Slain by an orc
             ... wielding a +0 trident
              (8 damage)
             ... on level 3 of the Dungeon.
             The game lasted 00:08:37 (2204 turns).

Ijustatesigmund the Cutter (Kobold Assassin)        Turns: 2204, Time: 00:08:38

Health: -4/35      AC:  5    Str: 10    XL:     6   Next: 30%
Magic:  6/6        EV: 18    Int:  9    God:    Trog [**....]
Gold:   139        SH:  0    Dex: 19    Spells: 0 memorised, 5 levels left

rFire  . . .     SeeInvis .     a - +2 dagger
rCold  . . .     Gourm    .     c - +0 robe
rNeg   . . .     Faith    .     (shield restricted)
rPois  +         Spirit   .     m - +1 helmet
rElec  .         Dismiss  .     d - +0 cloak
rCorr  .         Reflect  .     (no gloves)
SustAt .         Harm     .     (no boots)
MR     .....     Rnd*Tele +     (no amulet)
Stlth  ++++......               o - ring of poison resistance
                                j - ring of teleportation (curse)

@: exhausted, slowed, very slow, not resistant to hostile enchantments, stealthy
A: carnivore 3
a: Berserk, Trog's Hand, Burn Spellbooks, Renounce Religion


You were on level 3 of the Dungeon.
You worshipped Trog.
Trog was pleased with you.
You were very full.

You visited 1 branch of the dungeon, and saw 3 of its levels.

You collected 139 gold pieces.

Inventory:

Hand Weapons
 a - a +2 dagger (weapon)
 b - a +0 blowgun
Missiles
 e - 33 poisoned needles
 f - 2 curare-tipped needles
Armour
 c - a +0 robe (worn)
 d - a +0 cloak (worn)
 m - a +1 helmet (worn)
Jewellery
 j - a cursed ring of teleportation (left hand)
 k - an uncursed ring of fire
 l - an uncursed ring of flight
 o - a ring of poison resistance (right hand)
 p - an uncursed ring of fire
Scrolls
 q - 3 scrolls of fear
 r - 4 scrolls of identify
Potions
 h - a potion of lignification {unknown}
 i - 2 potions of curing
 s - a potion of degeneration {unknown}
 u - a potion of ambrosia
 v - a potion of beneficial mutation {unknown}
 w - a potion of berserk rage {unknown}
Comestibles
 g - a meat ration
 n - a chunk of flesh
 t - a beef jerky


   Skills:
 - Level 2.1 Fighting
 + Level 6.2 Short Blades
 - Level 2.1 Throwing
 + Level 4.8 Dodging
 - Level 5.3 Stealth


You had 5 spell levels left.
You didn't know any spells.

Dungeon Overview and Level Annotations

Branches:
Dungeon (3/15)

Altars:
Cheibriados
Trog

Annotations:
D:3 Grinder


Innate Abilities, Weirdness & Mutations

You are small and have problems with some larger weapons.
You are carnivorous and can eat meat at any time.


Message History

You are too injured to fight recklessly!
You puncture the orc!
You kill the orc!
Trog accepts your kill.
You are no longer berserk.
You are exhausted.
You feel yourself slow down. The orc misses you.
Grinder blinks!
Things that are here:
a short sword; a flail; a ring mail The orc hits you with a trident.
* * * LOW HITPOINT WARNING * * *
Grinder blinks!
The orc barely misses you.
Grinder says, "DUCK!"
Grinder gestures at you. You resist with significant effort.
The orc misses you.
You hit the orc.
The orc is heavily wounded.
The orc hits you with a trident!
You die...

........ ###......#
......#. #......#
.....## #......#
........ #......#
....?.## ##......####
......#
########..####.#...
......# #...).(...#
#.#... ......#
#...)))...# #.....
......# #.@o.......#
##.... .$....#
..............#..###....
######........##..#.....
................#...
###...........####...
..5......### #...
##........# #...
#........# ####


You could see Grinder and an orc.

Vanquished Creatures
  Crazy Yiuf (D:2)
  An orc wizard (D:3)
  Jessica (D:3)
  Terence (D:3)
  Robin (D:2)
  2 adders (D:2)
  A worm (D:2)
  3 dart slugs
  9 orcs
  8 bats
  2 giant cockroaches (D:2)
  15 hobgoblins
  11 kobolds
  2 quokkas (D:2)
  A ball python (D:3)
  6 giant newts
  13 goblins
  10 rats
88 creatures vanquished.

Notes
Turn   | Place    | Note
--------------------------------------------------------------
     0 | D:1      | Ijustatesigmund the Kobold Assassin began the quest for the Orb.
     0 | D:1      | Reached XP level 1. HP: 12/12 MP: 1/1
   123 | D:1      | Reached skill level 3 in Short Blades
   168 | D:1      | Reached XP level 2. HP: 17/17 MP: 2/2
   423 | D:1      | Reached XP level 3. HP: 13/21 MP: 3/3
   790 | D:2      | Reached skill level 4 in Short Blades
  1026 | D:2      | Reached XP level 4. HP: 25/26 MP: 4/4
  1119 | D:2      | Found a bloodstained altar of Trog.
  1138 | D:2      | Became a worshipper of Trog the Wrathful
  1213 | D:2      | Noticed Robin
  1246 | D:2      | Killed Robin
  1607 | D:2      | Reached skill level 5 in Short Blades
  1627 | D:2      | Reached * piety under Trog
  1639 | D:2      | Noticed Crazy Yiuf
  1645 | D:2      | Killed Crazy Yiuf
  1645 | D:2      | Reached XP level 5. HP: 30/30 MP: 5/5
  2045 | D:3      | Found a snail-covered altar of Cheibriados.
  2073 | D:3      | Noticed Jessica
  2081 | D:3      | Killed Jessica
  2081 | D:3      | Reached skill level 6 in Short Blades
  2081 | D:3      | Reached XP level 6. HP: 35/35 MP: 6/6
  2116 | D:3      | Noticed Terence
  2132 | D:3      | Killed Terence
  2188 | D:3      | Noticed Grinder
  2193 | D:3      | Reached ** piety under Trog
  2204 | D:3      | Slain by an orc

Vault maps used:
D:1:      minmay_arrival_cross
D:2:      trog_butcher_becter, uniq_crazy_yiuf_cottage, uniq_robin
D:3:      cheibriados_altar_1, gammafunk_pakellas_cloud_experiment,
          grunt_decor_cap, corner_web_ring, uniq_grinder, uniq_jessica,
          uniq_terence

Skill      XL: |  1  2  3  4  5 |
---------------+----------------+-----
Short Blades   | 3 4 5 6 |  6.2
Dodging        | 2 3 4 |  4.8
Fighting       | |  2.1
Throwing       | |  2.1
Stealth        | |  5.3

Action                   |  1- 3 |  4- 6 || total
-------------------------+-------+-------++-------
Melee: Dagger            |   114 |   137 ||   251
Invok: Berserk           |       |     3 ||     3
  Use: Potion            |     2 |     3 ||     5
       Scroll            |     3 |     1 ||     4
 Stab: Sleeping          |     3 |    15 ||    18
       Distracted        |     2 |     1 ||     3
       Invisible         |       |     1 ||     1
  Eat: Chunk             |     7 |     8 ||    15
Armor: Robe              |    24 |    21 ||    45
Dodge: Dodged            |   115 |   137 ||   252
